 Dungeon Crawl Stone Soup version 0.28.0-45-g0d030f2227 (webtiles) character file.

Game seed: 2814954725705799723

4 bobregger the Skirmisher (level 1, -6/24 HPs)
             Began as an Ogre Berserker on Apr 23, 2022.
             Was a Follower of Trog.
             Mangled by a gnoll
             ... wielding a +0 flail
              (11 damage)
             ... on level 1 of the Dungeon.
             The game lasted 00:00:24 (244 turns).

bobregger the Skirmisher (Ogre Berserker)            Turns: 244, Time: 00:00:25

Health: -6/24      AC:  3    Str: 20    XL:     1   Next: 60%
Magic:  1/1        EV: 10    Int:  8    God:    Trog [*.....]
Gold:   14         SH:  0    Dex:  8    Spells: 0/0 levels left

rFire   . . .      SeeInvis .   a - +0 mace
rCold   . . .      Faith    .   (no shield)
rNeg    . . .      Spirit   .   b - +0 animal skin
rPois   .          Reflect  .   (helmet restricted)
rElec   .          Harm     .   (no cloak)
rCorr   .          Rampage  .   (gloves unavailable)
Will    .....                   (boots unavailable)
Stlth   +.........              (no amulet)
HPRegen 0.08/turn               (no ring)
MPRegen 0.07/turn               (no ring)

@: no status effects
A: large, unfitting armour, tough skin 1
a: Renounce Religion, Berserk


You were on level 1 of the Dungeon.
You worshipped Trog.
Trog was aware of your devotion.
You visited 1 branch of the dungeon, and saw 1 of its levels.

You collected 14 gold pieces.

Inventory:

Hand Weapons
 a - a +0 mace (weapon)
Armour
 b - a +0 animal skin (worn)
Jewellery
 c - a +6 ring of strength
Scrolls
 d - a scroll of amnesia {unknown}
 e - 2 scrolls of identify {unknown}


   Skills:
 - Level 4.0 Fighting
 + Level 3.0 Maces & Flails
 - Level 2.6 Dodging


You couldn't memorise any spells.
You didn't know any spells.
Your spell library was empty.

Dungeon Overview and Level Annotations

Branches:
Dungeon (1/15)

Altars:


Innate Abilities, Weirdness & Mutations

You are too large for most types of armour.
You have tough skin. (AC +1)


Message History

You kill the frilled lizard!
Trog accepts your kill.
You see here a frilled lizard corpse.
e - 2 scrolls labelled RIHOEB NUIDY (gained 1)
A ball python comes into view.
The ball python hisses angrily.
A ball python is nearby!
A ball python is nearby!
Found a gold piece.
The ball python bites you.
You barely miss the ball python. The ball python bites you.
The ball python closely misses you.
You sock the ball python!
You kill the ball python!
Trog accepts your kill.
Your Maces & Flails skill increases to level 3!
Found 18 arrows.
You now have 14 gold pieces (gained 1).
A gnoll comes into view. It is wielding a +0 flail.
The gnoll shouts!
A rat comes into view.
There are monsters nearby!
There are monsters nearby!
A hobgoblin comes into view.
The hobgoblin shouts!
The rat twitches its whiskers.
The gnoll barely misses you.
You hit the gnoll. You punch the gnoll.
The gnoll is heavily wounded.
The gnoll hits you with a +0 flail!
You closely miss the gnoll.
The gnoll is heavily wounded.
The gnoll barely misses you.
You hit the gnoll but do no damage.
The gnoll is heavily wounded.
The gnoll hits you with a +0 flail. x2
* * * LOW HITPOINT WARNING * * *
You barely miss the gnoll.
The gnoll is heavily wounded.
The gnoll hits you with a +0 flail!
You die...

#......+.# #.....#.###..
#.####+### #....##.....# #.
#.#..#.# ##..###.....#
###.##.+.<'.# #...#......#
.....#.#..#.# ##...#..|....
.g...#.####.# #....†.......
.....#......# #............
...$.################..#.........
.....###.....grg@................
.........#....#####....###.......
..###..###.##..# #..##.###.......
...............##..# #.#.........
...........###.....# #...#.##....
..####.....###.....# #.###.. ....
# ................ #.# ## ...
###...........### #.#
####.............# #.#


You could see a gnoll, a hobgoblin and a rat.

Vanquished Creatures
  A ball python (D:1)
  2 frilled lizards (D:1)
  2 rats (D:1)
5 creatures vanquished.

Notes
Turn   | Place    | Note
-------+----------+-------------------------------------------
     0 | D:1      | bobregger the Ogre Berserker began the quest for the Orb.
     0 | D:1      | Reached XP level 1. HP: 24/24 MP: 1/1
   244 | D:1      | Mangled by a gnoll

Illustrated notes

Levels and vault maps discovered:
D:1:      ncdulo_smallfort, layout_rooms, minmay_hexomino_f4

Skill      XL: |  1 |
---------------+----+-----
Maces & Flails | 3 |  3.0
Fighting       | |  4.0
Dodging        | |  2.6

Action                   || total
-------------------------++-------
Melee: Mace              ||    24
       Punch             ||     1
Armor: Animal skin       ||     5
Dodge: Dodged            ||     9
